 Dungeon Sprint DCSS version 0.26.1-11-gd32895ea62 (webtiles) character file.

Game seed: 6354663332139742495

352 Groucho the Skirmisher (level 6, -9/63 HPs)
             Began as a Naga Fighter on July 5, 2021.
             Was a Priest of Cheibriados.
             Mangled by a troll (10 damage)
             ... in the Dungeon (Sprint IX: "|||||||||||||||||||||||||||||").
             The game lasted 00:02:05 (1339 turns).

Groucho the Skirmisher (Naga Fighter)               Turns: 1339, Time: 00:02:05

Health: -9/63      AC: 10    Str: 24    XL:     6   Next: 61%
Magic:  9/9        EV:  8    Int: 20    God:    Cheibriados [***...]
Gold:   0          SH: 11    Dex: 19    Spells: 5/5 levels left

rFire    . . .     SeeInvis +   n - +3 war axe (freeze)
rCold    . . .     Faith    .   c - +0 kite shield
rNeg     . . .     Spirit   .   q - +2 ring mail
rPois    +         Reflect  .   p - +0 helmet
rElec    .         Harm     .   o - +0 cloak
rCorr    .         Rampage  .   (no gloves)
Will     .....     NoTele   +   (no barding)
Stlth    +.........             (no amulet)
HPRegen  0.20/turn              b - +3 ring of intelligence
MPRegen  0.11/turn              r - +3 ring of intelligence

@: very slow
A: large, see invisible, deformed body, poison resistance, slowness 2, spit
poison 1, AC +2
a: Spit Poison, Renounce Religion, Bend Time, Temporal Distortion


You were in the Dungeon.
You worshipped Cheibriados.
Cheibriados was most pleased with you.
You visited 1 branch

Inventory:

Hand Weapons
 a - a +0 war axe
 m - a +2 scimitar of flaming
 n - a +3 war axe of freezing (weapon)
Armour
 c - a +0 kite shield (worn)
 o - a +0 cloak (worn)
 p - a +0 helmet (worn)
 q - a +2 ring mail (worn)
Jewellery
 b - a +3 ring of intelligence (left hand)
 r - a +3 ring of intelligence (right hand)
Wands
 l - a wand of acid (10)
Scrolls
 i - 3 scrolls of remove curse
 j - 2 scrolls of blinking
 k - 2 scrolls of amnesia
Potions
 d - a potion of might
 e - 5 potions of curing
 f - 2 potions of heal wounds
 h - 4 potions of magic


   Skills:
 + Level 6.9 Fighting
 + Level 6.4 Axes
 * Level 5.8 Armour
 * Level 1.1 Dodging
 * Level 5.8 Shields
 * Level 5.2 Invocations


You had 5 spell levels left.
You didn't know any spells.
Your spell library was empty.

Dungeon Overview and Level Annotations

Branches:
Dungeon (1/1)

Altars:
Cheibriados
Dithmenos
Elyvilon
Fedhas
Gozag
Hepliaklqana
Kikubaaqudgha
Makhleb
Nemelex Xobeh
Okawaru
Qazlal
Ru
Sif Muna
Trog
Uskayaw
Vehumet
Wu Jian
Xom
Yredelemnul
Zin
The Shining One
Beogh
Jiyva
Lugonu


Innate Abilities, Weirdness & Mutations

You cannot wear boots.
Your serpentine skin is tough. (AC +2)
You have supernaturally acute eyesight. (SInv)
Armour fits poorly on your strangely shaped body.
Your system is resistant to poisons. (rPois)
You cover ground very slowly.
You can spit poison.


Message History

The manticore barely misses you. The manticore closely misses you.
Unknown command.
Unknown command.
You slash the manticore! You freeze the manticore.
The manticore is moderately wounded.
You slash the troll! You freeze the troll. You block the troll's attack. x2
The troll claws you but does no damage. The manticore bites you.
The manticore closely misses you. The manticore claws you!
You hit the manticore. You freeze the manticore.
The manticore is moderately wounded.
You slash the troll! You freeze the troll. The troll bites you!
* * * LOW HITPOINT WARNING * * *
The troll completely misses you. The troll claws you but does no damage.
The manticore barely misses you. The manticore claws you!
* * * LOW HITPOINT WARNING * * *
The manticore claws you but does no damage.
The troll bites you!
* * * LOW HITPOINT WARNING * * *
You block the troll's attack. The troll claws you!
You die...

▓.▓
▓.▓
▓.▓
▓.▓
▓Z▓
▓y▓
▓T▓
▓@▓
▓H▓
▓.▓
▓.▓
▓.▓
▓)▓
▓(▓
▓(▓
▓.▓


You could see a manticore, a troll, a hornet and a bat skeleton.

Vanquished Creatures
  A sky beast (D)
  A centaur (D)
  An orc priest (D)
  4 worker ants (D)
  A white imp (D)
  2 orcs (D)
  2 giant cockroaches (D)
  2 goblins (D)
  A hobgoblin (D)
  A bat (D)
16 creatures vanquished.

Vanquished Creatures (others)
  An ogre (D)
  A bullfrog (D)
2 creatures vanquished.

Grand Total: 18 creatures vanquished

Notes
Turn   | Place    | Note
-------+----------+-------------------------------------------
     0 | D        | Groucho the Naga Fighter began the quest for the Orb.
     0 | D        | Reached XP level 1. HP: 21/21 MP: 1/1
   284 | D        | Noticed a worker ant
   284 | D        | Noticed a worker ant
   288 | D        | Killed a worker ant
   289 | D        | Reached XP level 2. HP: 22/30 MP: 2/2
   289 | D        | Reached XP level 3. HP: 26/36 MP: 3/3
   300 | D        | Reached XP level 4. HP: 20/45 MP: 4/4
   850 | D        | Found a roughly hewn altar of Beogh.
   850 | D        | Found a snail-covered altar of Cheibriados.
   850 | D        | Found a shadowy altar of Dithmenos.
   850 | D        | Found a white marble altar of Elyvilon.
   850 | D        | Found a blossoming altar of Fedhas.
   850 | D        | Found an opulent altar of Gozag.
   851 | D        | Found a hazy altar of Hepliaklqana.
   852 | D        | Found a viscous altar of Jiyva.
   853 | D        | Found an ancient bone altar of Kikubaaqudgha.
   854 | D        | Became a worshipper of Cheibriados the Contemplative
   855 | D        | Found a corrupted altar of Lugonu.
   856 | D        | Found a burning altar of Makhleb.
   857 | D        | Found a sparkling altar of Nemelex Xobeh.
   858 | D        | Found an iron altar of Okawaru.
   859 | D        | Found a stormy altar of Qazlal.
   860 | D        | Found a sacrificial altar of Ru.
   861 | D        | Found a shimmering blue altar of Sif Muna.
   862 | D        | Found a bloodstained altar of Trog.
   863 | D        | Found a hide-covered altar of Uskayaw.
   864 | D        | Found a radiant altar of Vehumet.
   865 | D        | Found an ornate altar of the Wu Jian Council.
   866 | D        | Found a shimmering altar of Xom.
   867 | D        | Found a basalt altar of Yredelemnul.
   868 | D        | Found a glowing silver altar of Zin.
   869 | D        | Found a glowing golden altar of the Shining One.
   924 | D        | Noticed a sky beast
   924 | D        | Noticed a centaur
   924 | D        | Noticed an ogre
   924 | D        | Noticed a bullfrog
   932 | D        | Killed an ogre
   932 | D        | Killed a bullfrog
   933 | D        | Reached skill level 5 in Fighting
   937 | D        | Killed a centaur
   938 | D        | Reached skill level 5 in Axes
   938 | D        | Reached skill level 5 in Armour
   938 | D        | Reached skill level 5 in Shields
   938 | D        | Reached XP level 5. HP: 37/55 MP: 4/7
   940 | D        | Killed a sky beast
   940 | D        | Reached * piety under Cheibriados
   941 | D        | Reached XP level 6. HP: 28/63 MP: 4/9
   942 | D        | Reached ** piety under Cheibriados
  1325 | D        | Noticed a hornet
  1325 | D        | Noticed a troll
  1325 | D        | Noticed a jumping spider
  1329 | D        | Noticed a manticore
  1330 | D        | Reached skill level 5 in Invocations
  1331 | D        | Reached *** piety under Cheibriados
  1332 | D        | Reached skill level 1 in Dodging
  1339 | D        | HP: 1/63 [troll (7)]
  1339 | D        | Mangled by a troll

Illustrated notes

Levels and vault maps discovered:
D:        linesprint [early_d, line_temple, items_1, d_10, items_2, lair_1,
          lair_end, items_3, orc_1, orc_end, items_4, d_15, swamp_1, shoals_1,
          snake_1, spider_1, d_20, vaults_1, items_5, swamp_end, shoals_end,
          snake_end, spider_end, vaults_end, d_27, items_6, zot_1, zot_end,
          crypt_end, forest_end, elf_end, slime_end, tomb_end, abyss_end,
          pan_hell_end]

Skill      XL: |  1  2  3  4  5  6 |
---------------+-------------------+-----
Fighting       | 4 6 |  6.9
Axes           | 3 4 5 6 |  6.4
Armour         | 3 5 |  5.8
Shields        | 3 5 |  5.8
Invocations    | 3 4 5 |  5.2
Dodging        | 1 |  1.1

Action                   |  1- 3 |  4- 6 || total
-------------------------+-------+-------++-------
Melee: War axe           |    31 |    37 ||    68
  Use: Potion            |     2 |     2 ||     4
Armor: Scale mail        |     6 |     1 ||     7
       Ring mail         |       |    23 ||    23
Dodge: Dodged            |     6 |    14 ||    20
Block: Kite shield       |    11 |    25 ||    36
